 Dungeon Crawl Stone Soup version 0.16.1-11-g651b585 (webtiles) character file.

65 Inchmeat the Chiller (level 3, 0/24 HPs)
             Began as a Demonspawn Ice Elementalist on Apr 6, 2015.
             Killed from afar by Natasha (8 damage)
             ... with a magic dart
             ... on level 3 of the Dungeon.
             The game lasted 00:12:23 (3080 turns).

Inchmeat the Chiller (Demonspawn Ice Elementalist)  Turns: 3080, Time: 00:12:24

Health: 0/24       AC:  2    Str:  8    XL:     3   Next: 94%
Magic:  6/6        EV: 12    Int: 17    God:
Gold:   94         SH:  4    Dex: 13    Spells: 2 memorised, 3 levels left

rFire  . . .     SeeInvis .     e - +0 dagger
rCold  . . .     Clarity  .     a - +0 robe
rNeg   . . .     SustAb   .     d - +0 buckler (curse)
rPois  .         Gourm    .     (no helmet)
rElec  .         Spirit   .     (no cloak)
rCorr  .         Warding  .     (no gloves)
rMut   .         Stasis   .     (no boots)
MR     .....                    (no amulet)
Stlth  +++.......               (no ring)
                                (no ring)

@: not resistant to hostile enchantments, fairly stealthy
A: nightstalker 1, powered by pain 1
a: no special abilities


You were on level 3 of the Dungeon.
You were not hungry.

You visited 1 branch of the dungeon, and saw 3 of its levels.

You collected 94 gold pieces.

Inventory:

Hand weapons
 e - a +0 dagger (weapon)
Armour
 a - a +0 robe (worn)
 d - a cursed +0 buckler (worn)
Scrolls
 f - 2 scrolls of remove curse {unknown}
 g - 2 scrolls of identify {unknown}
 h - a scroll of magic mapping {unknown}
 i - 3 scrolls of recharging {unknown}
 r - a scroll of enchant armour {unknown}
 u - a scroll of random uselessness {unknown}
Potions
 j - a potion of heal wounds {unknown}
 k - a potion of ambrosia {unknown}
 l - a potion of agility {unknown}
 m - 2 potions of curing {unknown}
 n - a potion of poison {unknown}
 o - a potion of resistance {unknown}
 p - a potion of lignification {unknown}
 q - a potion of brilliance {unknown}
Books
 b - a book of Frost

   Spells                             Type                      Level
   a - Freeze                         Ice                          1
   b - Throw Frost                    Conjuration/Ice              2
   c - Ozocubu's Armour               Charms/Ice                   3
   d - Throw Icicle                   Conjuration/Ice              4
   e - Summon Ice Beast               Ice/Summoning                4
   f - Condensation Shield            Ice                          4
Comestibles
 c - a bread ration
 s - a meat ration
 t - a chunk of flesh


   Skills:
 - Level 2.0 Dodging
 - Level 1.7 Stealth
 - Level 1.0 Shields
 - Level 2.5 Spellcasting
   Level 1.0 Conjurations
 * Level 1.0 Charms
 - Level 3.4 Ice Magic


You had 3 spell levels left.
You knew the following spells:

 Your Spells              Type           Power        Failure   Level  Hunger
a - Freeze                Ice            ##..         8%          1    #......
b - Ozocubu's Armour      Chrm/Ice       #.......     38%         3    ###....


Dungeon Overview and Level Annotations

Branches:
Dungeon (3/15)

Altars:
Makhleb
Nemelex Xobeh

Annotations:
D:3 Artificial's ghost, average OpFi; Natasha


Innate Abilities, Weirdness & Mutations

You are slightly more attuned to the shadows.
You sometimes gain a little power by taking damage.


Message History

Level annotation: Artificial's ghost, average OpFi; Natasha
There is a stone staircase leading up here.
You now have 85 gold pieces (gained 11).
There is a stone staircase leading down here.
You now have 94 gold pieces (gained 9).
Found a quarterstaff.
A goblin and an orc come into view.
The goblin shouts!
An orc comes into view. It is wielding a whip.
An orc comes into view.
The orc shouts!
Natasha hisses angrily.
Natasha claws you. Natasha closely misses you.
Found a stone staircase leading down.
Natasha claws you! The kobold hits you with a dagger.
Natasha stares at you and mumbles some strange words.
The magic dart hits you!
You die...

. .... #..## ........
#..... ......... ...#...
.......# #...g..
#..#.#.# ##.o#...
#......# # #...#...
##....# #. #.#...
.###..@..###.. #.#...
...[...hgK.#..# ##.....
.#..........#####.....#
.....##...##.#........##
>..? #(..##...#......#
.# #......###.##...#
#....#..##.###..##
#......##....##....#
<..##.... ...###.#..#


You could see Natasha, a goblin and a kobold.

Vanquished Creatures
  Ijyb (D:2)
  A gnoll (D:1)
  4 giant cockroaches
  9 goblins
  4 hobgoblins
  2 jackals (D:1)
  6 kobolds
  A quokka (D:3)
  3 bats
  2 giant geckos
  A giant newt (D:2)
  5 rats
39 creatures vanquished.

Notes
Turn   | Place    | Note
--------------------------------------------------------------
     0 | D:1      | Inchmeat, the Demonspawn Ice Elementalist, began the quest for the Orb.
     0 | D:1      | Reached XP level 1. HP: 13/13 MP: 3/3
   797 | D:1      | Gained mutation: You sometimes gain a little power by taking damage. [demonic ancestry]
   797 | D:1      | Reached XP level 2. HP: 10/19 MP: 1/5
  1107 | D:1      | Reached skill level 3 in Ice Magic
  2125 | D:1      | Gained mutation: You are slightly more attuned to the shadows. [demonic ancestry]
  2125 | D:1      | Reached XP level 3. HP: 22/24 MP: 2/6
  2219 | D:2      | Noticed Ijyb
  2290 | D:3      | Learned a level 3 spell: Ozocubu's Armour
  2341 | D:3      | Noticed Artificial's ghost (average OpFi)
  2358 | D:3      | Noticed Natasha
  2544 | D:2      | Found a sparkling altar of Nemelex Xobeh.
  2740 | D:2      | Found a burning altar of Makhleb.
  2938 | D:2      | Killed Ijyb
  2938 | D:2      | Reached skill level 1 in Shields
  2938 | D:2      | Reached skill level 1 in Charms
  3080 | D:3      | Killed from afar by Natasha

Action                   || total
-------------------------++-------
Melee: Dagger            ||    54
       Unarmed           ||     1
 Cast: Freeze            ||    59
 Stab: Sleeping          ||     1
  Eat: Chunk             ||     7
